 Dungeon Crawl Stone Soup version 0.22-a0-283-g1871b15 (webtiles) character file.

27926 tsouns the Blocker (level 13, 0/104 HPs)
             Began as a Gnoll Fighter on Mar 18, 2018.
             Was an Initiate of Gozag.
             Slain by a death yak (21 damage)
             ... in an ice cave.
             The game lasted 00:39:38 (14186 turns).

tsouns the Blocker (Gnoll Fighter)                 Turns: 14186, Time: 00:39:39

Health: 0/104      AC: 10    Str: 19    XL:     13   Next: 35%
Magic:  25/25      EV: 14    Int: 15    God:    Gozag
Gold:   2586       SH: 12    Dex: 15    Spells: 25/28 levels left

rFire    + + .     SeeInvis .   H - +9 flail of Niepommoo {crush, +Rage rElec}
rCold    + . .     Gourm    .   c - +0 shield
rNeg     . . .     Faith    .   b - +0 scale mail
rPois    +         Spirit   .   Q - +2 hat {MR+}
rElec    +         Reflect  .   T - scarf {rC+ rF+}
rCorr    .         Harm     .   (no gloves)
MR       +....                  (no boots)
Stlth    ++++......             B - amulet of the Ladybird {rF+ Regen+}
HPRegen  0.67/turn              r - ring of stealth
MPRegen  0.19/turn              O - ring of poison resistance (curse)

@: no status effects
A: distributed training, fangs 1, strong nose
a: Potion Petition, Call Merchant, Bribe Branch, Renounce Religion, Evoke
Berserk Rage


You were in an ice cave.
You worshipped Gozag.
Gozag was most pleased with you.
You were not hungry.

You visited 3 branches of the dungeon, and saw 15 of its levels.
You also visited: Ice Cave.

You collected 3221 gold pieces.
You spent 598 gold pieces at shops.
You paid 37 gold pieces to Gozag.

Inventory:

Hand Weapons
 a - a +0 war axe of freezing
 x - a +2 spear of venom
 E - a +1 battleaxe of freezing
 F - a -2 blowgun
 H - the +9 flail of Niepommoo (weapon) {crush, +Rage rElec}
   (You found it on level 7 of the Dungeon)

   It inflicts extra damage upon your enemies.
   It insulates you from electricity.
   It lets you go berserk.
 W - the cursed +3 bardiche of the Ageless Demons {pain, *Drain rN+ Dex+3, unknown}
   (You found it in an ice cave)

   In the hands of one skilled in necromantic magic, it inflicts extra damage on
   living creatures.
   It affects your dexterity (+3).
   It protects you from negative energy.
   It causes draining when unequipped.
   It has a curse placed upon it.
Missiles
 o - 137 sling bullets
 q - 7 tomahawks
 y - a throwing net
 A - a javelin (quivered)
 C - 335 stones
 J - 8 curare-tipped needles
Armour
 b - a +0 scale mail (worn)
 c - a +0 shield (worn)
 h - a cursed -1 plate armour
 p - a +2 cloak
 Q - a +2 hat of magic resistance (worn)
 T - a scarf of resistance (worn)
Jewellery
 r - a ring of stealth (left hand)
 B - the amulet of the Ladybird (around neck) {rF+ Regen+}
   (You took it off a deep elf mage on level 9 of the Dungeon)

   [amulet of regeneration]

   It protects you from fire.
   It increases your rate of regeneration.
 O - a cursed ring of poison resistance (right hand)
 V - an uncursed amulet of guardian spirit
 X - an uncursed amulet of magic regeneration {unknown}
Wands
 m - a wand of iceblast (20)
 s - a wand of flame (38)
 z - a wand of digging (9)
 D - a wand of polymorph (27)
 I - a wand of acid (5)
 M - a wand of paralysis (14)
 N - a wand of enslavement (15)
 P - a wand of disintegration (18)
Scrolls
 j - 9 scrolls of remove curse
 w - 2 scrolls of fear
 K - 2 scrolls of enchant weapon
 U - a scroll of fog
Potions
 e - 8 potions of brilliance
 g - 3 potions of lignification
 i - a potion of ambrosia
 k - 2 potions of degeneration
 l - a potion of heal wounds
 n - 4 potions of flight
 t - 7 potions of curing
 u - a potion of magic
 v - 2 potions of mutation
 G - a potion of cancellation
 L - a potion of invisibility
Miscellaneous
 d - 2 boxes of beasts
 S - a sack of spiders
Comestibles
 f - 13 rations


   Skills:
 + Level 10.3 Fighting
 + Level 8.1 Short Blades
 + Level 8.1 Long Blades
 + Level 9.3 Axes
 + Level 8.1 Maces & Flails
 + Level 8.1 Polearms
 + Level 8.1 Staves
 + Level 8.1 Slings
 + Level 8.1 Bows
 + Level 8.1 Crossbows
 + Level 8.1 Throwing
 + Level 10.3 Armour
 + Level 8.1 Dodging
 + Level 8.1 Stealth
 + Level 10.3 Shields
 + Level 8.1 Unarmed Combat
 + Level 8.1 Spellcasting
 + Level 6.7 Conjurations
 + Level 6.7 Hexes
 + Level 6.7 Charms
 + Level 6.7 Summonings
 + Level 6.7 Necromancy
 + Level 6.7 Translocations
 + Level 6.7 Transmutations
 + Level 6.7 Fire Magic
 + Level 6.7 Ice Magic
 + Level 6.7 Air Magic
 + Level 6.7 Earth Magic
 + Level 6.7 Poison Magic
 + Level 8.8 Invocations
 + Level 8.1 Evocations


You had 25 spell levels left.
You knew the following spells:

 Your Spells              Type           Power        Failure   Level  Hunger
a - Conjure Flame         Conj/Fire      ####....     10%         3    ##.....


Dungeon Overview and Level Annotations

Branches:
Dungeon (10/15)            Temple (1/1) D:4            Lair (4/6) D:8
 Shoals (0/4) Lair:2       Spider (0/4) Lair:2
    Orc: D:9-12

Altars:
Ashenzari
Cheibriados
Dithmenos
Elyvilon
Fedhas
Gozag
Hepliaklqana
Kikubaaqudgha
Makhleb
Nemelex Xobeh
Okawaru
Qazlal
Ru
Sif Muna
Trog
Uskayaw
Vehumet
Wu Jian
Xom
Yredelemnul
Zin
The Shining One

Shops:
D:7 !


Innate Abilities, Weirdness & Mutations

Your experience applies equally to all skills.
You have very sharp teeth.
Your uncanny sense of smell can sniff out nearby items.


Message History

The death yak gores you!
You sock the death yak!
The death yak is moderately wounded.
The death yak gores you!
You hit the death yak but do no damage.
The death yak is moderately wounded.
You block the death yak's attack.
You barely miss the death yak.
The death yak is moderately wounded.
You block the death yak's attack. The death yak gores you!!
* * * LOW HITPOINT WARNING * * *
You sock the death yak!
You bite the death yak, but do no damage.
The death yak is heavily wounded.
You block the death yak's attack.
You sock the death yak!
The death yak is severely wounded.
The death yak gores you!!
You die...
Your body crumbles into a pile of gold.

..YC.# h..h# ...##
#.Y## ##..## ###..###
### ###YY.##≈≈
###$#####h.##h#≈≈≈
###@Y#.##..#.#.≈≈≈≈≈
#..####.§####.#.##≈≈
###..# #######$.##≈≈≈
##...## ###...#### #
#..⌠..###...#....#####
##...###..####.....##.
##......## ##......#
######## ########


You could see a death yak.

Vanquished Creatures
  A frost giant (IceCv)
  Snorg (D:10)
  4 two-headed ogres
  A necromancer (Lair:2)
  A deep elf mage (D:9)
  A black mamba (Lair:3)
  An ice statue (IceCv)
  2 rime drakes (Lair:4)
  A gargoyle (D:9)
  6 spiny frogs
  3 komodo dragons
  A jumping spider (Lair:2)
  9 polar bears (IceCv)
  18 blink frogs
  2 hippogriffs
  A shadow (D:9)
  A spriggan (D:8)
  2 wyverns
  A redback (Lair:2)
  Grum (D:8)
  13 yaks
  2 hungry ghosts (D:10)
  Menkaure (D:7)
  A water moccasin (D:6)
  4 porcupines
  3 ice beasts
  2 orc warriors (D:6)
  3 sky beasts
  A phantom (D:9)
  2 black bears (D:9)
  2 necrophages
  An eye of draining (D:9)
  2 ogres
  18 wolves
  11 centaurs
  4 crocodiles
  A big kobold (D:8)
  A wyvern zombie (D:6)
  13 bullfrogs
  A gnoll sergeant (D:9)
  A water moccasin skeleton (D:8)
  A scorpion (D:8)
  A killer bee (D:6)
  2 howler monkeys
  2 electric eels (D:9)
  3 jellies
  9 crimson imps
  2 bullfrog skeletons
  5 orc priests
  6 hounds
  8 iguanas
  7 orc wizards
  2 polar bear simulacra (Lair:2)
  8 worker ants
  5 yak simulacra (Lair:2)
  A wolf simulacrum (Lair:2)
  The ghost of 4thArraOfDagon the Poker, a weakling FoWr (D:7)
  A hound skeleton (D:9)
  6 gnolls (D:2)
  A howler monkey skeleton (D:4)
  12 adders
  A shadow imp (D:4)
  2 oozes
  2 worms
  A dart slug (D:4)
  7 leopard geckos
  26 orcs
  3 ball pythons
  4 giant cockroaches
  3 goblins
  11 hobgoblins
  16 jackals
  12 kobolds
  8 quokkas
  11 bats
  6 frilled lizards
  A jackal zombie (D:5)
  9 rats
  3 river rat simulacra (Lair:2)
354 creatures vanquished.

Vanquished Creatures (collateral kills)
  Gastronok (Lair:2)
  A death yak (IceCv)
  A jumping spider (Lair:2)
  A polar bear (IceCv)
  4 blink frogs (Lair:3)
  A yak (IceCv)
9 creatures vanquished.

Vanquished Creatures (others)
  A wolf spider (Lair:2)
  4 polar bears (IceCv)
  12 yaks (IceCv)
  A water moccasin (Lair:3)
  5 wolves (IceCv)
  3 plants
26 creatures vanquished.

Grand Total: 389 creatures vanquished

Notes
Turn   | Place    | Note
-------+----------+-------------------------------------------
     0 | D:1      | tsouns the Gnoll Fighter began the quest for the Orb.
     0 | D:1      | Reached XP level 1. HP: 23/23 MP: 1/1
   120 | D:1      | Reached XP level 2. HP: 28/29 MP: 2/2
   585 | D:1      | Reached XP level 3. HP: 34/35 MP: 3/3
  1355 | D:2      | Reached skill level 1 in Invocations
  1361 | D:2      | Reached skill level 1 in Short Blades
  1361 | D:2      | Reached skill level 1 in Long Blades
  1361 | D:2      | Reached skill level 1 in Maces & Flails
  1361 | D:2      | Reached skill level 1 in Polearms
  1361 | D:2      | Reached skill level 1 in Staves
  1361 | D:2      | Reached skill level 1 in Slings
  1361 | D:2      | Reached skill level 1 in Bows
  1361 | D:2      | Reached skill level 1 in Crossbows
  1361 | D:2      | Reached skill level 1 in Throwing
  1361 | D:2      | Reached skill level 1 in Dodging
  1361 | D:2      | Reached skill level 1 in Stealth
  1361 | D:2      | Reached skill level 1 in Unarmed Combat
  1361 | D:2      | Reached skill level 1 in Spellcasting
  1361 | D:2      | Reached skill level 1 in Evocations
  1368 | D:2      | Reached XP level 4. HP: 41/41 MP: 5/5
  1598 | D:2      | Reached skill level 1 in Conjurations
  1598 | D:2      | Reached skill level 1 in Hexes
  1598 | D:2      | Reached skill level 1 in Charms
  1598 | D:2      | Reached skill level 1 in Summonings
  1598 | D:2      | Reached skill level 1 in Necromancy
  1598 | D:2      | Reached skill level 1 in Translocations
  1598 | D:2      | Reached skill level 1 in Transmutations
  1598 | D:2      | Reached skill level 1 in Fire Magic
  1598 | D:2      | Reached skill level 1 in Ice Magic
  1598 | D:2      | Reached skill level 1 in Air Magic
  1598 | D:2      | Reached skill level 1 in Earth Magic
  1598 | D:2      | Reached skill level 1 in Poison Magic
  1929 | D:3      | Reached XP level 5. HP: 47/47 MP: 6/6
  2089 | D:3      | Found a bloodstained altar of Trog.
  2394 | D:4      | Reached XP level 6. HP: 47/53 MP: 8/8
  2566 | D:4      | Reached skill level 5 in Axes
  2900 | D:4      | Found a staircase to the Ecumenical Temple.
  2906 | Temple   | Entered the Ecumenical Temple
  2940 | Temple   | Became a worshipper of Gozag Ym Sagoz the Greedy
  3178 | D:4      | Reached XP level 7. HP: 59/59 MP: 10/10
  3477 | D:5      | Entered Level 5 of the Dungeon
  3814 | D:5      | Reached XP level 8. HP: 67/67 MP: 12/12
  3919 | D:5      | Found a glowing silver altar of Zin.
  3919 | D:5      | Found a deep blue altar of Sif Muna.
  4173 | D:5      | Found a shimmering altar of Xom.
  5122 | D:6      | Found a shattered altar of Ashenzari.
  5429 | D:6      | Reached XP level 9. HP: 55/71 MP: 14/14
  5473 | D:6      | Noticed Dowan
  5474 | D:6      | Noticed Dowan
  5474 | D:6      | Dowan changed into Dowan the wolf
  5476 | D:6      | Noticed Duvessa
  5489 | D:6      | Killed Dowan the wolf
  5529 | D:6      | Noticed Duvessa
  5529 | D:6      | Duvessa changed into Duvessa the killer bee
  5535 | D:6      | Killed Duvessa the killer bee
  5812 | D:7      | Found Onadena's Distillery.
  5844 | D:7      | Bought a potion of heal wounds for 65 gold pieces
  5844 | D:7      | Bought a potion of curing for 39 gold pieces
  5844 | D:7      | Bought 2 potions of heal wounds for 130 gold pieces
  5844 | D:7      | Bought a potion of heal wounds for 65 gold pieces
  5844 | D:7      | Bought 2 potions of haste for 260 gold pieces
  5844 | D:7      | Bought a potion of curing for 39 gold pieces
  5935 | D:7      | Got a jewelled flail
  5936 | D:7      | Identified the +9 flail of Niepommoo {crush, +Rage rElec} (You found it on level 7 of the Dungeon)
  5965 | D:7      | Noticed Menkaure
  5970 | D:7      | Killed Menkaure
  6215 | D:7      | Noticed 4thArraOfDagon's ghost (weakling FoWr)
  6227 | D:7      | Killed 4thArraOfDagon's ghost
  6331 | D:7      | Found a sacrificial altar of Ru.
  6415 | D:7      | Found a sparkling altar of Nemelex Xobeh.
  6415 | D:7      | Found a shadowy altar of Dithmenos.
  6415 | D:7      | Found a hazy altar of Hepliaklqana.
  6416 | D:7      | Found a hide-covered altar of Uskayaw.
  6417 | D:7      | Found a snail-covered altar of Cheibriados.
  6420 | D:7      | Found a shimmering altar of Xom.
  6487 | D:8      | Reached skill level 5 in Invocations
  6855 | D:8      | Reached XP level 10. HP: 72/79 MP: 17/17
  6896 | D:8      | Noticed a two-headed ogre
  6905 | D:8      | Killed a two-headed ogre
  6905 | D:8      | Reached skill level 5 in Short Blades
  6905 | D:8      | Reached skill level 5 in Long Blades
  6905 | D:8      | Reached skill level 5 in Maces & Flails
  6905 | D:8      | Reached skill level 5 in Polearms
  6905 | D:8      | Reached skill level 5 in Staves
  6905 | D:8      | Reached skill level 5 in Slings
  6905 | D:8      | Reached skill level 5 in Bows
  6905 | D:8      | Reached skill level 5 in Crossbows
  6905 | D:8      | Reached skill level 5 in Throwing
  6905 | D:8      | Reached skill level 5 in Dodging
  6905 | D:8      | Reached skill level 5 in Stealth
  6905 | D:8      | Reached skill level 5 in Unarmed Combat
  6905 | D:8      | Reached skill level 5 in Spellcasting
  6905 | D:8      | Reached skill level 5 in Evocations
  6930 | D:8      | Noticed Grum
  6968 | D:8      | Killed Grum
  7034 | D:8      | Found a staircase to the Lair.
  7292 | Lair:1   | Entered Level 1 of the Lair of Beasts
  8049 | D:9      | Found a transporter.
  8049 | D:9      | Noticed a two-headed ogre
  8050 | D:9      | Noticed a deep elf mage
  8054 | D:9      | Reached XP level 11. HP: 80/86 MP: 19/19
  8660 | D:9      | Killed a two-headed ogre
  8664 | D:9      | Killed a deep elf mage
  8680 | D:9      | Got a translucent tin amulet
  8684 | D:9      | Identified the amulet of the Ladybird {rF+ Regen+} (You took it off a deep elf mage on level 9 of the Dungeon)
  8723 | D:9      | Reached skill level 5 in Conjurations
  8723 | D:9      | Reached skill level 5 in Hexes
  8723 | D:9      | Reached skill level 5 in Charms
  8723 | D:9      | Reached skill level 5 in Summonings
  8723 | D:9      | Reached skill level 5 in Necromancy
  8723 | D:9      | Reached skill level 5 in Translocations
  8723 | D:9      | Reached skill level 5 in Transmutations
  8723 | D:9      | Reached skill level 5 in Fire Magic
  8723 | D:9      | Reached skill level 5 in Ice Magic
  8723 | D:9      | Reached skill level 5 in Air Magic
  8723 | D:9      | Reached skill level 5 in Earth Magic
  8723 | D:9      | Reached skill level 5 in Poison Magic
  8848 | D:9      | Found a transporter.
  9030 | D:10     | Entered Level 10 of the Dungeon
  9215 | D:10     | Noticed Sonja
  9216 | D:10     | Noticed Sonja
  9216 | D:10     | Sonja changed into Sonja the wyvern
  9220 | D:10     | Killed Sonja the wyvern
  9343 | D:10     | Noticed a two-headed ogre
  9344 | D:10     | Noticed Snorg
  9358 | D:10     | Killed a two-headed ogre
  9391 | D:10     | Killed Snorg
  9805 | D:10     | Noticed a two-headed ogre
  9815 | D:10     | Killed a two-headed ogre
 10390 | Lair:1   | You fall through a shaft!
 10415 | Lair:2   | Reached XP level 12. HP: 66/96 MP: 22/22
 10702 | Lair:2   | Found a staircase to the Shoals.
 10828 | Lair:2   | Learned a level 3 spell: Conjure Flame
 10830 | Lair:2   | Noticed Gastronok
 10853 | Lair:2   | Killed Gastronok
 10994 | Lair:2   | Found a hole to the Spider Nest.
 12666 | Lair:4   | Reached skill level 10 in Fighting
 12666 | Lair:4   | Reached skill level 10 in Armour
 12666 | Lair:4   | Reached skill level 10 in Shields
 12863 | Lair:4   | Found a frozen archway.
 12907 | IceCv    | Entered an ice cave
 12938 | IceCv    | Reached XP level 13. HP: 103/103 MP: 24/24
 13375 | IceCv    | Got a jewelled bardiche
 14049 | IceCv    | Noticed a frost giant
 14080 | IceCv    | Killed a frost giant
 14186 | IceCv    | Slain by a death yak

Vault maps used:
D:1:      minmay_arrival_nine_rooms, patterned_corridor
D:2:      first_ration
D:3:      trog_butcher_becter
D:4:      minmay_temple_entry_hall
D:5:      gammafunk_temple_overflow_pools, led_xom_imps
D:6:      nicolae_ashenzari_panopticon, uniq_duvessa
D:7:      minitemple, serial_shops, shop, uniq_menkaure
D:8:      david_lair_shrubbed, the_bakery, uniq_grum
D:9:      gammafunk_the_bubble, serial_bayou, serial_bayou_shore_b,
          serial_bayou_crossing, serial_bayou_shore_a, serial_bayou_pond_a,
          statue_in_the_mist_lemuel, serial_park_tiny_1
D:10:     uniq_snorg, uniq_sonja
Temple:   nicolae_temple_hex_pool
Lair:1:   nicolae_quartered_pool_super
Lair:2:   minmay_shoals_entry_centaurs, spider_nest_entry_funnel_web,
          minivault_27, eino_house_with_fridge, uniq_gastronok
Lair:4:   portal_ice_cave_rime, uniq_harold
IceCv:    ice_cave_caverns_02

Skill      XL: |  1  2  3  4  5  6  7  8  9 10 11 12 13 |
---------------+----------------------------------------+-----
Invocations    | 1 2 3 4 5 6 7 8 |  8.8
Short Blades   | 1 2 3 4 5 6 7 8 |  8.1
Long Blades    | 1 2 3 4 5 6 7 8 |  8.1
Maces & Flails | 1 2 3 4 5 6 7 8 |  8.1
Polearms       | 1 2 3 4 5 6 7 8 |  8.1
Staves         | 1 2 3 4 5 6 7 8 |  8.1
Slings         | 1 2 3 4 5 6 7 8 |  8.1
Bows           | 1 2 3 4 5 6 7 8 |  8.1
Crossbows      | 1 2 3 4 5 6 7 8 |  8.1
Throwing       | 1 2 3 4 5 6 7 8 |  8.1
Dodging        | 1 2 3 4 5 6 7 8 |  8.1
Stealth        | 1 2 3 4 5 6 7 8 |  8.1
Unarmed Combat | 1 2 3 4 5 6 7 8 |  8.1
Spellcasting   | 1 2 3 4 5 6 7 8 |  8.1
Evocations     | 1 2 3 4 5 6 7 8 |  8.1
Conjurations   | 1 2 3 4 5 6 |  6.7
Hexes          | 1 2 3 4 5 6 |  6.7
Charms         | 1 2 3 4 5 6 |  6.7
Summonings     | 1 2 3 4 5 6 |  6.7
Necromancy     | 1 2 3 4 5 6 |  6.7
Translocations | 1 2 3 4 5 6 |  6.7
Transmutations | 1 2 3 4 5 6 |  6.7
Fire Magic     | 1 2 3 4 5 6 |  6.7
Ice Magic      | 1 2 3 4 5 6 |  6.7
Air Magic      | 1 2 3 4 5 6 |  6.7
Earth Magic    | 1 2 3 4 5 6 |  6.7
Poison Magic   | 1 2 3 4 5 6 |  6.7
Axes           | 5 6 7 8 9 |  9.3
Fighting       | 7 8 9 10 | 10.3
Armour         | 7 8 9 10 | 10.3
Shields        | 7 8 9 10 | 10.3

Action                   |  1- 3 |  4- 6 |  7- 9 | 10-12 | 13-15 || total
-------------------------+-------+-------+-------+-------+-------++-------
Melee: War axe           |    96 |     8 |       |       |       ||   104
       Bite              |     6 |    36 |    60 |    70 |    29 ||   201
       Spear             |       |   201 |   352 |       |       ||   553
       Flail             |       |       |    37 |   522 |   146 ||   705
Throw: Javelin           |       |     2 |     1 |       |       ||     3
       Throwing net      |       |     1 |       |       |       ||     1
 Cast: Conjure Flame     |       |       |       |     3 |     1 ||     4
Evoke: Wand              |       |       |     7 |    27 |     3 ||    37
       Box of beasts     |       |       |       |       |     1 ||     1
  Use: Potion            |       |     2 |       |     8 |     5 ||    15
       Scroll            |       |       |    21 |     6 |     1 ||    28
 Stab: Sleeping          |       |       |     8 |     6 |       ||    14
       Distracted        |       |       |       |     4 |     4 ||     8
       Paralysed         |       |       |       |       |     5 ||     5
  Eat: Chunk             |     1 |     6 |       |       |       ||     7
       Ration            |       |       |     4 |     6 |     2 ||    12
Armor: Scale mail        |    37 |    49 |    92 |   141 |    46 ||   365
Dodge: Dodged            |    29 |    43 |    94 |   209 |    69 ||   444
Block: Shield            |    64 |    78 |   167 |   318 |    75 ||   702

Table legend:
 A = Spawn XP
 B = Non-spawn XP
 C = Spawn XP percentage of total XP
 D = Spawn monster count
 E = Non-spawn monster count
 F = Spawn count percentage of total count
 G = Total turns spent on level
                    A         B        C        D         E        F      G
               +---------+---------+-------+---------+---------+-------+---------
         Total |       0 |   39895 |   0.0 |       0 |     365 |   0.0 | 14186
               +---------+---------+-------+---------+---------+-------+---------
           D:1 |       0 |      35 |   0.0 |       0 |      21 |   0.0 |   819
           D:2 |       0 |     106 |   0.0 |       0 |      16 |   0.0 |  1056
           D:3 |       0 |     172 |   0.0 |       0 |      39 |   0.0 |   516
           D:4 |       0 |     374 |   0.0 |       0 |      25 |   0.0 |  1013
           D:5 |       0 |     784 |   0.0 |       0 |      32 |   0.0 |  1131
           D:6 |       0 |    1389 |   0.0 |       0 |      29 |   0.0 |  1065
           D:7 |       0 |    1059 |   0.0 |       0 |      14 |   0.0 |   790
           D:8 |       0 |    2986 |   0.0 |       0 |      25 |   0.0 |  1150
           D:9 |       0 |    4418 |   0.0 |       0 |      33 |   0.0 |  1369
          D:10 |       0 |    4109 |   0.0 |       0 |      23 |   0.0 |  1280
        Lair:1 |       0 |    1572 |   0.0 |       0 |       8 |   0.0 |   128
        Lair:2 |       0 |    6248 |   0.0 |       0 |      31 |   0.0 |  1340
        Lair:3 |       0 |    5370 |   0.0 |       0 |      24 |   0.0 |   929
        Lair:4 |       0 |    2796 |   0.0 |       0 |      11 |   0.0 |   248
         IceCv |       0 |    8477 |   0.0 |       0 |      34 |   0.0 |  1279
               +---------+---------+-------+---------+---------+-------+---------
